 Dungeon Crawl Stone Soup version 0.16.2-12-gd0ad4c3 (webtiles) character file.

130 pk666 the Magician (level 4, -11/24 HPs)
             Began as a Deep Elf Wizard on Sept 26, 2015.
             Killed from afar by an orc wizard (15 damage)
             ... with a puff of flame
             ... on level 3 of the Dungeon.
             The game lasted 00:09:56 (2805 turns).

pk666 the Magician (Deep Elf Wizard)                Turns: 2805, Time: 00:09:56

Health: -11/24     AC:  3    Str:  4    XL:     4   Next: 90%
Magic:  10/17      EV: 12    Int: 24    God:
Gold:   121        SH:  0    Dex: 13    Spells: 5 memorised, 2 levels left

rFire  . . .     SeeInvis .     g - +0 dagger
rCold  . . .     Clarity  .     a - +0 robe
rNeg   . . .     SustAb   .     (no shield)
rPois  .         Gourm    .     b - +0 hat
rElec  .         Spirit   .     m - +0 cloak
rCorr  .         Warding  .     (no gloves)
rMut   .         Stasis   .     (no boots)
MR     .....                    (no amulet)
Stlth  ++........               (no ring)
                                (no ring)

@: repel missiles, not resistant to hostile enchantments, unstealthy
A: no striking features
a: no special abilities


You were on level 3 of the Dungeon.
You were not hungry.

You visited 1 branch of the dungeon, and saw 3 of its levels.

You collected 121 gold pieces.

Inventory:

Hand weapons
 g - a +0 dagger (weapon)
Armour
 a - a +0 robe (worn)
 b - a +0 hat (worn)
 m - a +0 cloak (worn)
Magical devices
 s - a wand of slowing (22)
Scrolls
 e - 5 scrolls of identify {unknown}
 f - 2 scrolls of teleportation {unknown}
 h - 3 scrolls of enchant weapon {unknown}
 k - 3 scrolls of amnesia {unknown}
 n - a scroll of recharging {unknown}
 t - a scroll of random uselessness {unknown}
Potions
 i - 3 potions of curing {unknown}
 l - a potion of agility {unknown}
 q - a potion of mutation {unknown}
Books
 c - a book of Minor Magic

   Spells                             Type                      Level
   a - Magic Dart                     Conjuration                  1
   b - Blink                          Translocation                2
   c - Call Imp                       Summoning                    2
   d - Repel Missiles                 Charms/Air                   2
   e - Slow                           Hexes                        2
   f - Conjure Flame                  Conjuration/Fire             3
   g - Mephitic Cloud                 Conjuration/Poison/Air       3
 o - a book of Battle

   Spells                             Type                      Level
   a - Infusion                       Charms                       1
   b - Shroud of Golubria             Charms/Translocation         2
   c - Song of Slaying                Charms                       2
   d - Spectral Weapon                Hexes/Charms                 3
   e - Regeneration                   Charms/Necromancy            3
Comestibles
 d - 2 bread rations
 j - a meat ration
 p - 2 chunks of flesh
 r - 6 fruits


   Skills:
 - Level 2.4 Dodging
 - Level 2.4 Stealth
 - Level 5.2 Spellcasting
 + Level 3.2 Conjurations
   Level 1.1 Summonings
 - Level 1.1 Translocations
 + Level 1.8 Air Magic
 + Level 2.1 Poison Magic


You had 2 spell levels left.
You knew the following spells:

 Your Spells              Type           Power        Failure   Level  Hunger
d - Conjure Flame         Conj/Fire      ##......     17%         3    ##.....
q - Blink                 Tloc           N/A          12%         2    None
w - Repel Missiles        Chrm/Air       ##....       12%         2    None
x - Mephitic Cloud        Conj/Pois/Air  ###.....     12%         3    ##.....
z - Magic Dart            Conj           ###.         1%          1    None


Dungeon Overview and Level Annotations

Branches:
Dungeon (3/15)

Altars:
Dithmenos
Fedhas


Message History

The magic dart hits something.
Something hits you.
* * * LOW HITPOINT WARNING * * *
Casting: Magic Dart
Confirm with . or Enter, or press ? or * to list all spells.
Aiming: Magic Dart
Press: ? - help, Shift-Dir - straight line The magic dart hits something.
Something completely misses you.
Casting: Magic Dart
Confirm with . or Enter, or press ? or * to list all spells.
Aiming: Magic Dart
Press: ? - help, Shift-Dir - straight line The magic dart hits something.
Something hits you.
* * * LOW HITPOINT WARNING * * *
Casting: Magic Dart
Confirm with . or Enter, or press ? or * to list all spells.
Okay, then.
You hear some strange, mumbled words.
The puff of flame hits you!
Ouch! That really hurt!
You die...

#.....................#[........#
########..######.#.#.#.#[#.#.#.#.
#......#..# #...#...............
#.####.##.# #.#######.#####..###
#.#..#.##># #.#.......# #. ##
#.#..#.##)# #.#.####### # #.
.....#.##.# #.#.# #. #.##.#.##.#
#.#.# #. #....#.##.# #.#@# ##
######....# #.#.# #. # ######
#...# #. # ##### # #


There were no monsters in sight!

Vanquished Creatures
  Jessica (D:3)
  3 adders
  A giant mite (D:1)
  2 worms (D:2)
  5 giant geckos
  An ooze (D:1)
  4 orcs (D:3)
  3 giant cockroaches
  8 hobgoblins
  7 jackals (D:1)
  5 kobolds
  A quokka (D:2)
  A ball python (D:1)
  2 bats
  2 giant newts (D:1)
  7 goblins
  7 rats
60 creatures vanquished.

Notes
Turn   | Place    | Note
--------------------------------------------------------------
     0 | D:1      | pk666, the Deep Elf Wizard, began the quest for the Orb.
     0 | D:1      | Reached XP level 1. HP: 10/10 MP: 6/6
   314 | D:1      | Reached XP level 2. HP: 15/15 MP: 1/10
   626 | D:1      | Reached skill level 5 in Spellcasting
  1209 | D:1      | Reached XP level 3. HP: 15/19 MP: 7/14
  1279 | D:1      | Learned a level 3 spell: Mephitic Cloud
  1283 | D:1      | Learned a level 3 spell: Conjure Flame
  1286 | D:1      | Learned a level 2 spell: Blink
  1289 | D:1      | Learned a level 2 spell: Repel Missiles
  1760 | D:2      | Reached skill level 1 in Air Magic
  1770 | D:2      | Reached skill level 1 in Poison Magic
  1770 | D:2      | Reached XP level 4. HP: 24/24 MP: 4/17
  2258 | D:2      | Found a blossoming altar of Fedhas.
  2505 | D:3      | Found a shadowy altar of Dithmenos.
  2577 | D:3      | Noticed Jessica
  2587 | D:3      | Killed Jessica
  2805 | D:3      | Killed from afar by an orc wizard

Action                   |  1- 3 |  4- 6 || total
-------------------------+-------+-------++-------
Melee: Dagger            |       |     4 ||     4
 Cast: Magic Dart        |   106 |    58 ||   164
       Repel Missiles    |     1 |       ||     1
       Conjure Flame     |       |     3 ||     3
       Blink             |       |     1 ||     1
  Eat: Chunk             |     2 |     4 ||     6
